Map: Lightshade LE

Players

Zoun - Winner!

  • Race: Protoss Protoss
  • League: Master

DPGRogue (Rogue)

  • Race: Zerg Zerg

Event: DreamHack SC2 Masters 2021 Fall

VOD

Have the link to the VOD?

Description

Time

  • Played on: July 21, 2021, 4:03 a.m.
  • Length: 12:53

All games in this series

Show
View Real Time Build Order
Export as new Build Order

Zoun Protoss - Winner!

Build Orders: 1 Gate Expand, Oracle Opening 

Get SALT Encoding   

  12  0:00  Probe  
  13  0:12  Probe  
  14  0:20  Pylon  
  14  0:24  Probe  
  15  0:38  Probe (Chrono Boost)  
  15  0:42  Gateway  
  16  0:47  Probe (Chrono Boost)  
  17  0:51  Assimilator  
  17  0:52  Probe (Chrono Boost)  
  18  1:04  Probe  
  19  1:16  Probe  
  20  1:25  Nexus  
  20  1:35  Cybernetics Core  
  20  1:38  Probe  
  21  1:43  Assimilator  
  21  1:50  Probe  
  21  1:53  Pylon  
  22  2:02  Probe  
  23  2:10  Adept (Chrono Boost)  
  23  2:13  Warp Gate  
  23  2:15  Probe  
  26  2:25  Stargate  
  26  2:27  Probe (Chrono Boost)  
  27  2:32  Adept  
  29  2:38  Probe (Chrono Boost)  
  29  2:39  Probe (Chrono Boost)  
  31  2:47  Probe (Chrono Boost)  
  31  2:48  Probe (Chrono Boost)  
  33  2:52  Probe (Chrono Boost)  
  33  2:53  Probe  
  35  3:01  Gateway, Void Ray (Chrono Boost)  
  35  3:04  Probe  
  35  3:05  Probe  
  41  3:16  Pylon, Probe  
  41  3:19  Probe  
  43  3:28  Probe  
  44  3:34  Oracle (Chrono Boost)  
  44  3:40  Probe  
  48  3:48  Probe  
  48  3:51  Pylon  
  49  3:56  Nexus  
  49  4:00  Probe  
  49  4:01  Assimilator, Probe  
  51  4:03  Assimilator  
  51  4:11  Shield Battery, Stargate  
  51  4:17  Protoss Air Weapons Level 1, Probe x2  
  51  4:22  Pylon  
  53  4:29  Void Ray (Chrono Boost), Probe  
  54  4:32  Probe  
  59  4:41  Probe  
  59  4:44  Probe  
  59  4:45  Forge, Twilight Council  
  61  4:48  Void Ray (Chrono Boost)  
  61  4:53  Probe  
  61  4:56  Probe  
  67  5:08  Probe x2  
  69  5:14  Probe  
  69  5:15  Shield Battery  
  69  5:19  Photon Cannon  
  69  5:20  Probe (Chrono Boost)  
  69  5:21  Photon Cannon  
  72  5:22  Void Ray, Probe (Chrono Boost)  
  72  5:27  Probe (Chrono Boost)  
  72  5:28  Void Ray  
  77  5:32  Probe (Chrono Boost)  
  84  5:36  Probe x2 (Chrono Boost)  
  84  5:38  Probe (Chrono Boost)  
  84  5:39  Pylon  
  85  5:46  Pylon  
  85  5:50  Photon Cannon  
  85  5:53  Protoss Ground Weapons Level 1, Charge  
  85  5:57  Probe x3  
  85  6:00  Shield Battery  
  85  6:01  Adept, Sentry  
  92  6:04  Shield Battery  
  92  6:05  Shield Battery  
  92  6:09  Photon Cannon, Void Ray, Probe  
  93  6:16  Probe x2  
  99  6:21  Robotics Facility, Probe  
  99  6:23  Assimilator  
  99  6:25  Assimilator  
  100  6:26  Pylon  
  100  6:27  Pylon  
  100  6:31  Probe  
  101  6:36  Shield Battery  
  101  6:37  Pylon  
  101  6:44  Probe x2  
  103  6:50  Gateway x2  
  103  6:52  Gateway  
  103  6:54  Pylon, Gateway  
  103  6:57  Pylon  
  103  7:01  Templar Archives  
  103  7:09  Robotics Bay  
  103  7:10  Robotics Facility  
  103  7:11  Observer  
  104  7:18  Probe x2  
  106  7:27  Nexus  
  106  7:28  Pylon, Photon Cannon, Gateway x2  
  106  7:33  Photon Cannon  
  106  7:39  Observer (Chrono Boost)  
  107  7:54  Gateway, Void Ray x2  
  107  7:55  Disruptor (Chrono Boost)  
  107  7:56  Pylon  
  107  7:57  Disruptor (Chrono Boost)  
  110  7:59  Gateway  
  110  8:04  High Templar x2  
  110  8:05  Zealot x4  
  133  8:09  Archon  
  133  8:24  Disruptor  
  133  8:25  Disruptor, Zealot x2  
  133  8:26  Zealot x3  
  143  8:34  Void Ray  
  137  8:37  Zealot x3  
  141  8:45  Zealot  
  141  8:46  Zealot x4  
  147  8:53  Probe x4  
  147  8:55  Shield Battery  
  139  8:57  Photon Cannon  
  139  9:09  Probe x2  
  141  9:11  High Templar x4  
  141  9:12  Shield Battery, Zealot x3  
  141  9:13  Zealot  
  141  9:15  Archon  
  141  9:16  Archon  
  157  9:18  Zealot  
  157  9:20  Protoss Shields Level 1  
  157  9:30  Fleet Beacon, Zealot  
  155  9:38  Probe x2  
  157  9:39  Disruptor (Chrono Boost)  
  157  9:40  Assimilator, Pylon  
  157  9:41  Assimilator  
  160  9:48  Observer, Probe x2  
  162  9:56  Shield Battery  
  162  9:57  Photon Cannon  
  162  10:12  Stargate, Carrier x2 (Chrono Boost)  
  161  10:20  Photon Cannon  
  173  10:22  Photon Cannon  
  173  10:24  Photon Cannon  
  173  10:27  Shield Battery  
  171  10:29  Pylon  
  171  10:30  Zealot x4  
  179  10:35  Pylon  
  179  10:37  Pylon  
  169  10:57  Carrier (Chrono Boost)  
  172  11:05  High Templar x4  
  172  11:09  Archon x2  
  172  11:11  Zealot x6  
  189  11:28  Carrier (Chrono Boost)  
  195  11:36  Photon Cannon  
  195  11:37  Photon Cannon  
  191  11:43  Zealot x4  
  191  11:46  Disruptor (Chrono Boost), Zealot x6  
  191  11:47  Disruptor (Chrono Boost)  
  197  11:54  Observer  
  187  12:04  Cybernetics Core  
  179  12:12  Zealot x8  
  195  12:16  Observer  
  195  12:19  Observer  
  197  12:23  Zealot  
  180  12:48  Zealot x8  
  180  12:49  Zealot x2  
Show
View Real Time Build Order
Export as new Build Order

DPGRogue Zerg 

Build Orders: Hatch First 

Get SALT Encoding   

  12  0:00  Drone  
  13  0:12  Overlord  
  13  0:17  Drone  
  14  0:31  Drone  
  15  0:43  Drone x2  
  17  0:51  Hatchery  
  17  0:55  Drone  
  17  0:59  Drone  
  18  1:09  Extractor  
  17  1:14  Spawning Pool  
  17  1:17  Drone  
  17  1:20  Drone  
  18  1:28  Drone  
  19  1:38  Drone  
  20  1:49  Overlord  
  20  2:01  Queen  
  20  2:03  Zergling x2, Queen  
  20  2:04  Zergling x2  
  26  2:12  Drone  
  26  2:14  Drone  
  28  2:16  Metabolic Boost  
  28  2:21  Drone  
  29  2:25  Drone  
  30  2:33  Drone  
  31  2:41  Hatchery  
  31  2:43  Zergling x2  
  31  2:44  Drone  
  31  2:48  Queen  
  34  2:53  Overlord  
  34  2:55  Drone  
  34  2:58  Drone  
  36  3:12  Drone x4  
  40  3:14  Drone x2  
  40  3:16  Queen  
  44  3:21  Overlord  
  44  3:29  Overlord  
  44  3:39  Drone x4  
  44  3:41  Drone  
  49  3:42  Overlord  
  49  3:50  Drone x2  
  49  3:52  Drone x2  
  49  3:53  Drone  
  49  3:54  Queen  
  56  3:59  Queen  
  59  4:02  Drone  
  59  4:03  Drone x3  
  59  4:06  Spore Crawler  
  59  4:09  Drone x2  
  63  4:11  Spore Crawler  
  63  4:13  Drone  
  63  4:16  Queen  
  65  4:18  Drone  
  65  4:23  Overlord  
  66  4:27  Roach Warren  
  66  4:30  Drone  
  66  4:31  Drone x3  
  66  4:34  Overlord  
  66  4:37  Extractor, Drone  
  66  4:40  Queen  
  66  4:43  Drone  
  66  4:44  Drone x2  
  66  4:45  Drone  
  72  4:46  Drone  
  72  4:47  Drone  
  72  4:50  Lair  
  74  4:54  Spore Crawler, Overlord  
  74  4:55  Drone  
  74  4:56  Drone  
  74  4:59  Queen  
  75  5:03  Drone  
  75  5:04  Drone  
  75  5:06  Extractor x2  
  77  5:07  Evolution Chamber  
  77  5:12  Roach x2  
  77  5:13  Roach x2  
  86  5:14  Roach  
  86  5:15  Overlord  
  86  5:20  Queen  
  88  5:22  Extractor  
  88  5:25  Drone x3  
  90  5:31  Extractor  
  90  5:35  Drone x5  
  94  5:41  Ravager x4  
  98  5:43  Overlord x2  
  98  5:46  Overlord  
  98  5:54  Overlord, Hydralisk Den  
  98  5:55  Drone  
  98  6:02  Zerg Missile Weapons Level 1, Drone  
  98  6:03  Hatchery  
  98  6:04  Drone  
  98  6:05  Drone x5  
  98  6:09  Drone  
  104  6:12  Drone x2  
  104  6:13  Drone x4  
  104  6:16  Overlord  
  110  6:18  Glial Reconstitution  
  110  6:20  Queen  
  113  6:27  Queen  
  113  6:29  Queen  
  113  6:32  Overlord  
  116  6:33  Overlord  
  116  6:35  Zergling x6  
  116  6:39  Overseer  
  118  6:42  Overlord x2  
  118  6:43  Overlord  
  118  6:54  Overlord  
  118  6:56  Queen  
  118  6:57  Zergling x4  
  118  6:58  Zergling x2  
  118  6:59  Zergling x14  
  130  7:04  Queen  
  130  7:05  Queen  
  134  7:16  Queen  
  136  7:27  Roach  
  136  7:28  Roach x12  
  161  7:35  Roach x3  
  164  7:37  Queen  
  164  7:39  Queen  
  167  7:52  Ravager x9  
  167  7:53  Ravager x5, Overlord  
  167  7:54  Roach x5  
  191  8:02  Ravager  
  191  8:04  Overlord  
  191  8:05  Overlord, Hydralisk Den  
  191  8:11  Roach  
  189  8:14  Roach  
  189  8:15  Roach x4  
  193  8:21  Queen x2  
  193  8:22  Queen  
  157  8:37  Roach x12  
  157  8:41  Roach x5  
  160  8:52  Queen  
  160  8:53  Hydralisk  
  160  8:54  Hydralisk x5  
  165  8:58  Grooved Spines  
  165  9:04  Hydralisk x3  
  165  9:05  Hydralisk  
  173  9:20  Hydralisk  
  173  9:21  Hydralisk x5  
  167  9:26  Hydralisk x2  
  167  9:31  Extractor  
  155  9:32  Hydralisk x2  
  154  9:39  Hydralisk x2  
  154  9:40  Zergling x14  
  154  9:41  Zergling x4  
  154  9:45  Zergling x2  
  168  9:53  Roach x3  
  168  9:55  Overseer  
  168  9:57  Roach x2  
  178  10:03  Roach x5  
  178  10:07  Extractor  
  187  10:10  Muscular Augments  
  187  10:13  Roach  
  187  10:14  Roach x5  
  197  10:16  Roach  
  197  10:17  Roach  
  199  10:28  Roach  
  199  10:29  Roach  
  199  10:34  Infestation Pit  
  198  10:37  Roach x2  
  196  10:45  Hydralisk  
  194  10:51  Hatchery, Hydralisk  
  194  10:52  Hydralisk x2  
  199  11:00  Zergling x2  
  200  11:12  Hive  
  200  11:15  Lurker Den  
  199  11:22  Zergling x2  
  199  11:24  Pneumatized Carapace  
  186  11:41  Hydralisk x2  
  186  11:42  Hydralisk x15  
  192  12:01  Hydralisk  
  192  12:02  Hydralisk x4  
  192  12:04  Hydralisk x2  
  192  12:05  Hydralisk  
  192  12:08  Hydralisk x4  
  172  12:09  Zergling x12  
  172  12:10  Zergling x12  
  172  12:14  Drone x4  
  187  12:17  Drone x2  
  187  12:20  Overseer  
  187  12:22  Zergling x8  
  193  12:27  Roach  
  193  12:28  Ravager, Roach x2  

Tags
 
Add a new tag
Caveats
  • Supply blocks, unpowered buildings, or Contaminate may cause inaccurate times.
  • Supply counts are checked every 10 seconds.